 Dungeon Crawl Stone Soup version 0.30-a0-757-ga6a79fd877 (console) character file.

Game seed: 9452241694575339090

759124 petzl the Sorcerer (level 27, -1/193 (198) HPs)
             Began as a Formicid Delver on Feb 2, 2023.
             Was the Champion of Vehumet.
             Slain by Ignacio
             ... wielding a +6 executioner's axe of pain
              (4 damage)
             ... in Pandemonium on Feb 14, 2023.
             The game lasted 14:35:41 (122146 turns).

petzl the Sorcerer (Formicid Delver)              Turns: 122146, Time: 14:35:41

HP:   -1/193 (198)  AC: 22    Str: 17    XL:     27
MP:   41/48         EV: 33    Int: 35    God:    Vehumet [******]
Gold: 3177          SH: 10    Dex: 14    Spells: 3/69 levels left

rFire   + + .      SeeInvis +    c - +4 flail {holy, rPois Int+4}
rCold   + + .      Faith    .    S - +3 buckler {AC+3}
rNeg    + + +      Spirit   .    D - +3 leather armour {rF+}
rPois   +          Reflect  .    (helmet unavailable)
rElec   +          Harm     .    V - scarf {repulsion}
rCorr   +          Rampage  .    P - +2 pair of gloves
Will    ++++.                    i - +2 pair of boots of Xiogil {Will+ Regen+ Int+6 Dex-5}
Stlth   +++++                    f - amulet "Sosiskism" {Acrobat rN++}
HPRegen 2.12/turn                b - ring of Ytuqon {rElec rF+ Dex+5 SInv}
MPRegen 0.31/turn                h - ring "Zorhich" {+Blink rC++ rN+ rCorr}

@: acrobatic, studying Axes, lightly drained, repel missiles
A: permanent stasis, dig shafts and tunnels, antennae 3, four strong arms,
iridescent scales 2, clever 1, frail 1, strong-willed 1, regeneration 1, weak 1,
evolution 1, subdued magic 1
}: 5/15 runes: decaying, slimy, silver, glowing, gossamer
a: Dig, Renounce Religion


You were in Pandemonium.
You worshipped Vehumet.
Vehumet was exalted by your worship.
You visited 15 branches of the dungeon, and saw 59 of its levels.
You visited Pandemonium 1 time, and saw 5 of its levels.
You also visited: Trove and Wizlab.

You collected 8775 gold pieces.
You spent 5598 gold pieces at shops.

Inventory:

Hand Weapons
 a - the +5 scimitar of the Slime-mould {heavy, rElec rF+}
   (You took it off a deep elf archer on level 1 of the Elven Halls)

   rF:        It protects you from fire.
   rElec:     It insulates you from electricity.
 c - the +4 flail of the Crafting Whale (weapon) {holy, rPois Int+4}
   (You took it off a deep elf high priest on level 3 of the Elven Halls)

   Int:       It affects your intelligence (+4).
   rPois:     It protects you from poison.
 j - a +4 flail of protection
 v - a +2 rapier of venom
Missiles
 k - 5 curare-tipped darts (quivered)
 m - 97 poisoned darts
 Q - 5 throwing nets
Armour
 i - the +2 pair of boots of Xiogil (worn) {Will+ Regen+ Int+6 Dex-5}
   (You acquired it on level 1 of the Elven Halls)

   Int:       It affects your intelligence (+6).
   Dex:       It affects your dexterity (-5).
   Regen:     It increases your rate of health regeneration.
   Will:      It increases your willpower.
 y - a +2 cloak of poison resistance
 D - a +3 leather armour of fire resistance (worn)
 N - the +6 ring mail of Supple Strength {rC+}
   (You found it on level 10 of the Dungeon)

   rC:        It protects you from cold.
 P - a +2 pair of gloves (worn)
 S - a +3 buckler of protection (worn)
 V - a scarf of repulsion (worn)
Jewellery
 b - the ring of Ytuqon (left hand) {rElec rF+ Dex+5 SInv}
   (You bought it in a shop on level 1 of the Depths)

   [ring of protection from fire]

   Dex:       It affects your dexterity (+5).
   rF:        It protects you from fire.
   rElec:     It insulates you from electricity.
   SInv:      It lets you see invisible.
 f - the amulet "Sosiskism" (around neck) {Acrobat rN++}
   (You bought it in a shop on level 1 of the Depths)

   [amulet of the acrobat]

   It increases your evasion while moving and waiting.
   rN:        It greatly protects you from negative energy.
 h - the ring "Zorhich" (right hand) {+Blink rC++ rN+ rCorr}
   (You acquired it on level 3 of the Vaults)

   [ring of resist corrosion]

   rC:        It greatly protects you from cold.
   rN:        It protects you from negative energy.
   +Blink:    It lets you blink.
   rCorr:     It protects you from acid and corrosion.
 E - the ring "Inavouj" {Fly rC+ Dex+3}
   (You took it off a deep elf high priest on level 3 of the Elven Halls)

   [ring of protection from cold]

   Dex:       It affects your dexterity (+3).
   rC:        It protects you from cold.
   Fly:       It grants you flight.
 G - a ring of wizardry
Wands
 g - a wand of digging (22)
 o - a wand of paralysis (55)
 t - a wand of roots (27)
 w - a wand of acid (21)
 A - a wand of mindburst (45)
Scrolls
 d - 3 scrolls of immolation
 e - 6 scrolls of fog
 l - a scroll of amnesia
 r - 3 scrolls of silence
 C - 8 scrolls of poison
 I - 10 scrolls of fear
 O - 8 scrolls of magic mapping
Potions
 n - 31 potions of curing
 p - 8 potions of ambrosia
 q - 10 potions of might
 u - 5 potions of cancellation
 x - 10 potions of flight
 z - 2 potions of invisibility
 B - 5 potions of lignification
 F - 7 potions of brilliance
 J - 2 potions of heal wounds
 R - 5 potions of resistance
 U - 6 potions of magic
Miscellaneous
 H - a lightning rod (4/4)
 L - a tin of tremorstones (2/2)
 T - a phantom mirror
 Z - a box of beasts


   Skills:
 + Level 18.9 Fighting
 - Level 2.0(5.3) Short Blades
 - Level 7.8(8.0) Long Blades
 - Level 2.0 Maces & Flails
 - Level 5.0 Ranged Weapons
 + Level 16.7 Armour
 - Level 13.8 Dodging
 + Level 12.0 Stealth
 - Level 14.0 Shields
 + Level 21.6 Spellcasting
 + Level 19.9 Conjurations
 - Level 6.0 Hexes
 * Level 10.7 Necromancy
 + Level 12.8 Translocations
 - Level 20.0 Fire Magic
 * Level 17.8 Ice Magic
 - Level 8.1 Air Magic
 - Level 10.0 Earth Magic
 - Level 4.2 Poison Magic
 + Level 5.8 Evocations


You had 3 spell levels left.
You knew the following spells:

 Your Spells              Type           Power      Damage    Failure   Level
a - Stone Arrow           Conj/Erth      100%       3d13      0%          3
b - Fireball              Conj/Fire      47%        3d19      0%          5
e - Iron Shot             Conj/Erth      41%        9d8       1%          6
g - Summon Small Mammal   Summ           100%       N/A       1%          1
k - Polar Vortex          Ice            45%        N/A       16%         9
l - Freezing Cloud        Conj/Ice/Air   42%        6-21      0%          5
m - Mephitic Cloud        Conj/Pois/Air  72%        N/A       0%          3
n - Fire Storm            Conj/Fire      47%        8d12      6%          9
o - Orb of Destruction    Conj           47%        9d12      1%          7
p - Passage of Golubria   Tloc           78%        N/A       1%          4
s - Slow                  Hex            100%       N/A       1%          1
t - Apportation           Tloc           100%       N/A       0%          1
u - Sublimation of Blood  Necr           72%        N/A       0%          2
C - Conjure Ball Lightni  Conj/Air       40%        3x3d13    1%          6
T - Olgreb's Toxic Radia  Pois           51%        N/A       1%          4

Your spell library contained the following spells:

 Spells                   Type           Power      Damage    Failure   Level
 Foxfire                  Conj/Fire      100%       2x1d9     0%          1
 Kiss of Death            Conj/Necr      100%       2d13      0%          1
 Magic Dart               Conj           100%       1d8       0%          1
 Necrotise                Necr           100%       1d9       0%          1
 Sandblast                Erth           100%       2d20      0%          1
 Shock                    Conj/Air       100%       1d9       0%          1
 Ensorcelled Hibernation  Hex/Ice        100%       N/A       0%          2
 Lesser Beckoning         Tloc           100%       N/A       0%          2
 Scorch                   Fire           100%       2d10      0%          2
 Searing Ray              Conj           100%       2d8       0%          2
 Dazzling Flash           Conj/Hex       100%       N/A       0%          3
 Gell's Gravitas          Tloc           78%        N/A       0%          3
 Hailstorm                Conj/Ice       92%        3d18      0%          3
 Inner Flame              Hex/Fire       78%        N/A       0%          3
 Kindle Blastsparks       Fire/Tloc/Air  100%       2d18      0%          3
 Teleport Other           Tloc           78%        N/A       0%          3
 Beastly Appendage        Tmut           58%        N/A       1%          1
 Sting                    Tmut/Pois      100%       1d8       1%          1
 Call Imp                 Summ           29%        N/A       1%          2
 Cigotuvi's Dreadful Rot  Necr/Pois/Air  100%       N/A       1%          2
 Passwall                 Tmut/Erth      45%        N/A       1%          2
 Poisonous Vapours        Pois/Air       100%       N/A       1%          2
 Wereblood                Tmut           29%        N/A       1%          2
 Confusing Touch          Hex            57%        N/A       1%          3
 Ignite Poison            Fire/Tmut/Pois 64%        N/A       1%          3
 Portal Projectile        Hex/Tloc       100%       N/A       1%          3
 Spider Form              Tmut/Pois      40%        N/A       1%          3
 Summon Guardian Golem    Hex/Summ       45%        N/A       1%          3
 Tukima's Dance           Hex            57%        N/A       1%          3
 Vampiric Draining        Necr           72%        2d11      1%          3
 Vhi's Electric Charge    Tloc/Air       100%       N/A       1%          3
 Call Canine Familiar     Summ           29%        N/A       2%          3
 Flame Wave               Conj/Fire      95%        2d20      0%          4
 Fulminant Prism          Conj/Hex       39%        3d18      0%          4
 Iskenderun's Mystic Bla  Conj/Tloc      87%        2d17      0%          4
 Sticky Flame             Conj/Fire      95%        2d10      0%          4
 Iskenderun's Battlesphe  Conj           94%        2d14      0%          5
 Starburst                Conj/Fire      47%        6d13      0%          6
 Airstrike                Air            32%        2d(5-21)  1%          4
 Animate Armour           Summ/Erth      100%       N/A       1%          4
 Animate Dead             Necr           72%        N/A       1%          4
 Cause Fear               Hex            28%        N/A       1%          4
 Dispel Undead            Necr           72%        3d24      1%          4
 Leda's Liquefaction      Hex/Erth       32%        N/A       1%          4
 Manifold Assault         Tloc           78%        N/A       1%          4
 Petrify                  Tmut/Erth      54%        N/A       1%          4
 Summon Lightning Spire   Summ/Air       50%        N/A       1%          4
 Agony                    Necr           72%        N/A       1%          5
 Arcjolt                  Conj/Air       40%        1d50      1%          5
 Borgnjor's Vile Clutch   Necr/Erth      35%        N/A       1%          5
 Irradiate                Conj/Tmut      35%        3d23      1%          5
 Lee's Rapid Deconstruct  Erth           35%        3d18*     1%          5
 Lightning Bolt           Conj/Air       40%        1d59      1%          5
 Metabolic Englaciation   Hex/Ice        37%        N/A       1%          5
 Silence                  Hex/Air        30%        N/A       1%          5
 Summon Forest            Summ/Tloc      29%        N/A       1%          5
 Yara's Violent Unravell  Hex/Tmut       22%        3d10      1%          5
 Death Channel            Necr           36%        N/A       1%          6
 Simulacrum               Ice/Necr       41%        N/A       1%          6
 Ozocubu's Refrigeration  Ice            45%        4d17      1%          7
 Ignition                 Fire           47%        3d13      1%          8
 Spellforged Servitor     Conj/Summ      35%        N/A       3%          7
 Lehudib's Crystal Spear  Conj/Erth      41%        10d10     3%          8
 Summon Mana Viper        Hex/Summ       45%        N/A       6%          5
 Alistair's Intoxication  Tmut/Pois      26%        N/A       9%          5
 Eringya's Noxious Bog    Tmut/Pois      20%        N/A       14%         6
 Statue Form              Tmut/Erth      36%        N/A       16%         6
 Blade Hands              Tmut           14%        N/A       22%         5
 Maxwell's Capacitive Co  Air            32%        ∞         43%         8
 Malign Gateway           Summ/Tloc      29%        N/A       45%         7
 Infestation              Necr           36%        N/A       56%         8
 Haunt                    Necr/Summ      27%        N/A       61%         7
 Summon Cactus Giant      Summ           14%        N/A       80%         6
 Storm Form               Tmut/Air       25%        N/A       80%         7
 Shatter                  Erth           35%        3d28*     97%         9
 Discord                  Hex            28%        N/A       99%         8
 Summon Hydra             Summ           14%        N/A       100%        7
 Summon Horrible Things   Summ           14%        N/A       100%        8
 Death's Door             Necr           36%        N/A       100%        9
 Blink                    Tloc           Unusable   N/A       N/A         2
 Swiftness                Air            Unusable   N/A       N/A         3

Dungeon Overview and Level Annotations

Branches:
Dungeon (15/15)            Temple (1/1) D:6            Lair (5/5) D:10
  Swamp (4/4) Lair:3       Spider (4/4) Lair:2        Slime (5/5) Lair:5
    Orc (2/2) D:10            Elf (3/3) Orc:2        Vaults (5/5) D:14
  Crypt (3/3) Vaults:2       Tomb (1/3) Crypt:3      Depths (4/4) D:15
   Hell (visited)             Dis (0/7) Hell            Geh (1/7) Hell
    Coc (0/7) Hell            Tar (0/7) Hell            Zot (5/5) Depths:4
 WizLab (visited)

Altars:
Ashenzari
Dithmenos
Elyvilon
Gozag
Hepliaklqana
Kikubaaqudgha
Makhleb
Nemelex Xobeh
Okawaru
Qazlal
Ru
Sif Muna
Trog
Vehumet
Wu Jian
Xom
Yredelemnul
Jiyva

Shops:
D:2 [   D:4 *   D:7 *   D:8 ?   Orc:2 **![   Elf:1 **=[:   Elf:2 =   Elf:3 (
Vaults:1 !   Depths:1 =   Depths:2 [

Portals:
Hell: Depths:1 Depths:2 Depths:3 Depths:4
Abyss: Depths:2 Depths:3
Pandemonium: Depths:2 Depths:4
Ziggurat: Depths:4

Annotations:
Vaults:1 !Boris & 2 transporters, Boris
Pan Ignacio


Innate Abilities, Weirdness & Mutations

You cannot be hasted, slowed, berserked, paralysed or teleported.
You can dig through walls and to a lower floor.
You have a pair of large antennae on your head. (SInv)
Your four strong arms can wield two-handed weapons with a shield.
You are mostly covered in iridescent scales. (AC +4)
Your mind is acute. (Int +4, Str/Dex -1)
You are frail. (-10% HP)
You are strong-willed. (Will+)
Your natural rate of healing is unusually fast.
You are weak. (Str -2)
You have hidden genetic potential.
Your spells are a little easier to cast, but a little less powerful.


Message History

You resist with almost no effort.
There is a passage of Golubria here.
As you read the scroll of summoning, it crumbles to dust.
Wisps of shadow whirl around you...
Ignacio hits you with a +6 executioner's axe of pain!
* * * LOW HITPOINT WARNING * * *
Ignacio hits your large abomination with a +6 executioner's axe of pain.
Ignacio hits you with a +6 executioner's axe of pain!
* * * LOW HITPOINT WARNING * * *
Ignacio hits your large abomination with a +6 executioner's axe of pain!
Ignacio closely misses you.
Ignacio hits your large abomination with a +6 executioner's axe of pain.
Ignacio hits you with a +6 executioner's axe of pain!
* * * LOW HITPOINT WARNING * * *
Ignacio hits your large abomination with a +6 executioner's axe of pain!
Ignacio barely misses you.
Ignacio hits your large abomination with a +6 executioner's axe of pain!
Ignacio misses you.
Ignacio barely misses your large abomination.
Ignacio closely misses you.
Ignacio hits your large abomination with a +6 executioner's axe of pain.
You block Ignacio's attack.
Ignacio hits your large abomination with a +6 executioner's axe of pain!
Your large abomination is destroyed!
Your large abomination dissolves into shadows!
You block Ignacio's attack.
Ignacio hits you with a +6 executioner's axe of pain!
* * * LOW HITPOINT WARNING * * *
Ignacio hits you with a +6 executioner's axe of pain.
* * * LOW HITPOINT WARNING * * *
Ignacio hits you with a +6 executioner's axe of pain.
* * * LOW HITPOINT WARNING * * *
You swap places.
Your Executioner enters the passage of Golubria.
Ignacio barely misses you. Ignacio completely misses you.
Ignacio hits you with a +6 executioner's axe of pain!
* * * LOW HITPOINT WARNING * * *
Ignacio completely misses you.
Ignacio hits you with a +6 executioner's axe of pain.
You die...

,,,,,,,*,,,,,,,,,*,,^,,,,,,,,,,,,,,,*
,,,,,,,+,,*,,,,,,*,,,,,,,,,,*******,*
,,,,,,,*,,,,,,,,,*,,,,,,,,,,* *,*
,,,******,#......*******+#*** *,*
,,,,,,,*,,.......# #.# *,*
*****,,*,.#......# #.# *,*
,,,,*,,*,,.......# #.# *,*
,,,,*,***###.....## #.# *,*
**,,*,,*,.........## #.# *,*
,*,,+,,*,.#........#####.# *,*
*,,,*,,*,.........{......# *,*
,,,******.#......##.###..#######***,*
,,,,*,,*,........##.# #.........,,,,*
#####.,*,.#......##.# ##.#######*****
.......*,........##.####.#
......######.....#.......#
.......#.........######.^#
.......#..#......#X1.X#..#
......,#.........#@##.#..#
...######.#......#1#.∩#..#
..[....#........##:#..#{.#
.......#..#....#.#.#..#..#
'#######.v....#.##..###..#
.............#.#.#.......#
........#...#.#.######...#
...........#.#.#.#**#..###
###################...##
,,,,,,,,,,,,,,,.∩...##*
*,,,***,*******##.#.* *,*,*
*,**,,,,,..,#,* *,*,* *,**,****#***,*
*,,,* *,**,* *,* ***** *,**,* *,*
*,**,* *,* *,**,* *,* *******,**,*
*,* ,,,,,,,,,,,* *,*


You could see Ignacio (fast, ally target), a friendly Executioner (summoned) and
2 friendly large abominations.

Vanquished Creatures
  the Royal Jelly (Slime:5)
  3 dread liches
  Mnoleg (Pan)
  3 ancient liches
  5 orbs of fire (Zot:5)
  Mara (Swamp:3)
  Sojobo (Depths:2)
  A royal mummy (Tomb:1)
  Vv (Zot:1)
  4 Killer Klowns
  Geryon (Hell)
  Nikola (Swamp:1)
  10 golden dragons
  3 bone dragons
  2 electric golems (Zot:5)
  6 Tzitzimimeh (Pan)
  An iron giant (Hell)
  23 tentacled monstrosities
  Rupert (D:14)
  2 Ice Fiends (Pan)
  23 Orb Guardians (Zot:5)
  3 liches (Crypt:3)
  A tainted leviathan (Hell)
  4 titans
  2 deep elf blademasters (Elf:3)
  3 deep elf master archers
  Murray (Depths:1)
  10 quicksilver dragons
  21 acid blobs
  3 pandemonium lords (Pan)
  7 ancient champions
  The ghost of Feshunla the Bewitcher, an adept KoEn of Dithmenos (Vaults:2)
  10 sphinxes
  5 death cobs
  2 Executioners (Pan)
  A thorn hunter (Swamp:2)
  Frances (Spider:1)
  Agnes (Elf:2)
  15 storm dragons
  11 shadow dragons
  12 tengu reavers
  3 revenants
  The ghost of SirDiesAlot the Arsonist, an adept DsFE of Ashenzari (Spider:1)
  Roxanne (Spider:2)
  Kirke (D:12)
  11 fire giants
  3 draconian monks
  25 rockslimes
  A demonspawn warmonger (Pan)
  8 deep elf sorcerers
  8 azure jellies
  An iron dragon (Depths:4)
  Louise (Swamp:3)
  8 balrugs
  2 emperor scorpions (Spider:2)
  4 draconian knights
  6 frost giants
  4 draconian scorchers
  The ghost of Haunul the Devastator, an adept GrCj of Vehumet (Spider:3)
  A ghost moth (shapeshifter) (Vaults:5)
  3 curse skulls
  19 vault wardens
  5 ghost moths
  5 draconian stormcallers
  17 ironbound preservers
  5 orc warlords
  4 draconian shifters
  2 draconian annihilators
  4 demonspawn corrupters (Pan)
  13 cacodemons
  9 deep elf elementalists (Elf:3)
  4 demonspawn blood saints (Pan)
  2 juggernaut skeletons
  2 broodmothers
  2 spriggan defenders (Depths:2)
  13 quicksilver oozes
  11 reapers
  32 very ugly things
  8 ghouls
  2 lorocyprocas (Pan)
  A caustic shrike skeleton (Crypt:3)
  4 war gargoyles
  6 ironbound thunderhulks
  A demonspawn black sun (Pan)
  20 stone giants
  3 green draconians
  Nessos (D:14)
  A minotaur (Vaults:2)
  7 black draconians
  6 eleionomae
  10 deep elf annihilators (Elf:3)
  7 vampire knights
  5 putrid mouths (Hell)
  9 spark wasps
  14 red draconians
  5 deep elf demonologists (Elf:3)
  A dire elephant (Vaults:1)
  14 white draconians
  6 bunyips
  9 eidola
  6 purple draconians
  6 yellow draconians
  3 iron golems
  6 blizzard demons
  10 ettins
  3 green deaths (Pan)
  6 fire dragons
  7 deep elf death magi
  3 crystal guardians (Vaults:3)
  5 jiangshi (Crypt:2)
  5 mummy priests
  2 merfolk impalers
  The ghost of Nabski the Arsonist, a journeyman TeFE of Hepliaklqana (D:13)
  15 yaktaur captains
  A kraken zombie (Hell)
  Josephine (Swamp:1)
  A shambling mangrove (Swamp:2)
  8 entropy weavers
  7 deep elf high priests
  2 salamander tyrants (Geh:1)
  36 vault guards
  9 ghost crabs
  12 great orbs of eyes
  A hell beast (Hell)
  2 spriggan air magi
  14 ironbound frosthearts
  Harold (Orc:1)
  6 ice dragons
  3 peacekeepers
  13 hydras
  7 spriggan skeletons
  16 centaur warriors
  10 two-headed ogres
  A fenstrider witch skeleton (Crypt:3)
  An ogre mage (D:15)
  4 death scarabs (Tomb:1)
  9 boulder beetles
  A catoblepas (D:14)
  3 alligators
  A jorogumo (Spider:2)
  33 dancing weapons
  13 tengu warriors
  5 vampire magi
  4 radroaches
  4 death yaks (Lair:5)
  8 hell hogs
  A titan zombie (Depths:1)
  8 deep troll earth magi
  5 deep troll shamans
  2 naga warriors (Vaults:2)
  6 spriggan berserkers
  Urug (D:14)
  9 soul eaters
  4 spriggans
  31 deep elf knights
  Sonja (Lair:4)
  8 hell knights (Hell)
  4 sixfirhies
  13 iron trolls
  A titan skeleton (Crypt:3)
  A fire crab (D:14)
  28 sun demons
  6 pharaoh ants
  8 shadow wraiths
  52 skeletal warriors
  An anaconda zombie (Crypt:1)
  2 death drakes (Swamp:2)
  2 sun moths
  A flayed ghost (Crypt:3)
  7 goliath frogs
  A glowing orange brain (Depths:2)
  A glowing orange brain (shapeshifter) (Vaults:1)
  57 deep trolls
  An obsidian statue (Swamp:2)
  16 deep elf archers
  An orange crystal statue (Elf:1)
  6 orb spiders
  9 spriggan druids
  4 shadow demons (Pan)
  Pikel (D:8)
  2 iron giant skeletons
  8 steelbarb worms
  4 bunyip skeletons (Crypt:3)
  13 ironbound convokers
  8 lindwurms
  2 swamp dragons
  25 wolf spiders
  2 anaconda skeletons
  16 wizards
  A spectral hydra (Swamp:4)
  8 orc knights
  11 bog bodies
  11 phantasmal warriors
  12 large abominations (Pan)
  4 harpies
  10 necromancers
  8 shining eyes
  35 deep elf pyromancers
  33 deep elf zephyrmancers
  A shadow dragon skeleton (Depths:2)
  4 cyclopes
  5 orc sorcerers
  4 manticores
  31 ugly things
  2 will-o-the-wisps (Swamp:2)
  23 moths of wrath
  3 fire giant zombies
  A stone giant zombie (Crypt:3)
  3 centaur zombies
  2 ice statues (Hell)
  2 stone giant skeletons
  A dire elephant zombie (Crypt:3)
  4 elephants (Lair:1)
  14 smoke demons
  An alligator snapping turtle zombie (Crypt:3)
  3 black mambas
  3 apocalypse crabs (Swamp:3)
  3 rust devils
  16 vault sentinels
  4 torpor snails
  4 molten gargoyles (Hell)
  19 cane toads
  8 eyes of devastation
  8 demonic crawlers
  A dire elephant skeleton (Hell)
  10 orange demons
  An elf skeleton (Vaults:5)
  8 hellions
  3 centaur skeletons
  3 gargoyles
  A sea snake zombie (Hell)
  A green draconian zombie (Crypt:3)
  Maggie (Lair:2)
  4 anaconda simulacra (Hell)
  A kobold demonologist (D:12)
  6 freezing wraiths
  A bunyip simulacrum (Hell)
  8 tengu conjurers
  2 swamp worm zombies (Swamp:4)
  39 yaktaurs
  3 rime drakes
  12 guardian mummies
  2 harpy zombies
  4 komodo dragons
  A yellow draconian skeleton (Crypt:3)
  2 ice devils (Hell)
  A red devil (Hell)
  2 trolls
  5 bloated husks
  7 hellwings (Pan)
  A tengu simulacrum (Vaults:5)
  3 meliai (Spider:3)
  A meliai (shapeshifter) (Depths:2)
  4 hydra zombies
  3 polar bears
  9 hornets
  9 tyrant leeches
  A radroach zombie (Crypt:1)
  22 tarantellas
  25 blink frogs
  3 spriggan zombies
  A hydra skeleton (Hell)
  4 harpy skeletons
  3 spectral swamp dragons (Swamp:4)
  2 raiju (shapeshifter) (Vaults:5)
  5 alligator zombies (Swamp:4)
  7 dream sheep (Lair:3)
  99 slime creatures
  23 jumping spiders
  12 flying skulls
  7 water elementals
  6 air elementals
  3 centaur simulacra
  An ice dragon skeleton (Hell)
  10 ynoxinuls (Pan)
  17 humans
  2 wyverns
  3 ushabtiu (Tomb:1)
  A vampire (D:11)
  53 yaks
  18 culicivoras
  15 wraiths
  2 hogs (D:12)
  6 golden eyes
  Grum (D:8)
  5 basilisks
  19 chaos spawn (Pan)
  2 black mamba skeletons (Crypt:3)
  6 fire elementals
  2 steam dragons (D:8)
  18 neqoxecs (Pan)
  54 redbacks
  6 wargs
  22 vampire mosquitoes
  A fire bat zombie (Crypt:2)
  A harpy simulacrum (Crypt:3)
  18 water moccasins
  A merfolk zombie (Crypt:2)
  2 acid dragons
  14 swamp worms
  2 human skeletons
  A water nymph skeleton (Crypt:3)
  5 hell hounds (Hell)
  A cane toad zombie (Crypt:1)
  A demonspawn skeleton (Crypt:3)
  5 swamp drakes
  A floating eye (Pan)
  38 orc warriors
  3 ice beasts
  5 black bears
  An alligator simulacrum (Hell)
  6 swamp dragon zombies (Swamp:4)
  A hog zombie (Crypt:3)
  16 ogres
  22 centaurs
  A blink frog skeleton (Crypt:2)
  39 wolves
  2 lemures (D:8)
  8 phantoms
  A torpor snail zombie (Crypt:2)
  8 kobold brigands
  A rime drake skeleton (Crypt:1)
  A fire crab zombie (Crypt:1)
  24 bullfrogs
  2 necrophages
  5 scorpions
  An earth elemental (Elf:3)
  17 wights
  A yak zombie (Crypt:2)
  A polar bear zombie (Crypt:1)
  2 howler monkeys (D:12)
  3 electric eels
  2 black bear zombies
  A gnoll bouda (D:6)
  3 hounds
  9 jellies
  13 orc priests
  Crazy Yiuf (D:7)
  A black bear skeleton (Crypt:2)
  2 iguanas (D:5)
  19 orc wizards
  13 hell rats
  A killer bee zombie (Crypt:1)
  4 naga skeletons
  5 mummies (Tomb:1)
  10 gnolls
  4 swamp drake zombies (Swamp:4)
  14 adders
  A worm zombie (Crypt:2)
  2 worms
  4 dart slugs
  103 orcs
  8 ball pythons
  6 endoplasms
  4 giant cockroaches
  7 goblins
  3 hobgoblins
  4 jackals
  22 kobolds
  5 quokkas
  4 bats
  2 dart slug zombies
  4 frilled lizards
  8 rats
  9 ball lightnings
  119 fire vortices
2910 creatures vanquished.

Vanquished Creatures (collateral kills)
  2 tentacled monstrosities
  2 Orb Guardians (Zot:5)
  A walking divine tome (Depths:2)
  4 acid blobs
  A quicksilver dragon (Vaults:5)
  A sphinx (Vaults:5)
  A storm dragon (Zot:4)
  A vault warden (Vaults:5)
  2 draconian knights
  A draconian annihilator (Zot:2)
  A cacodemon (Pan)
  A quicksilver ooze (Slime:2)
  An ironbound preserver (Vaults:5)
  2 broodmothers (Spider:4)
  A yellow draconian (Zot:4)
  A vampire knight (Depths:3)
  A demonspawn black sun (Pan)
  A white draconian (Zot:2)
  A red draconian (Depths:4)
  A green death (Pan)
  A yaktaur captain (Vaults:5)
  An ice dragon (Depths:4)
  A vault guard (Vaults:5)
  A great orb of eyes (Slime:5)
  A radroach (Spider:4)
  A deep troll earth mage (Depths:4)
  A soul eater (Pan)
  A sixfirhy (Pan)
  A glowing orange brain (Slime:5)
  A phantasmal warrior (Vaults:5)
  A large abomination (Pan)
  4 shining eyes (Pan)
  A demonic crawler (Pan)
  A torpor snail (Spider:1)
  A vault sentinel (Vaults:5)
  An eye of devastation (Pan)
  2 hellwings (Pan)
  A jumping spider (Spider:4)
  7 slime creatures
  A slime creature (shapeshifter) (Vaults:5)
  2 culicivoras
  A golden eye (Pan)
  A chaos spawn (Pan)
  2 redbacks
  3 jellies (Slime:1)
  A hell rat (Hell)
  An adder (shapeshifter) (Depths:2)
  16 ball lightnings
84 creatures vanquished.

Vanquished Creatures (others)
  An eldritch tentacle (Pan)
  A sun demon (Pan)
  A bloated husk (Swamp:2)
  A tyrant leech (Swamp:2)
  A human (D:12)
  A yak (D:8)
  A howler monkey (D:8)
  655 ball lightnings
  703 fire vortices
  6 foxfires (Swamp:2)
  74 fungi
  157 plants
  4 tentacles (Hell)
1606 creatures vanquished.

Grand Total: 4600 creatures vanquished

Notes
Turn   | Place    | Note
-------+----------+-------------------------------------------
     0 | D:5      | petzl the Formicid Delver began the quest for the Orb.
     0 | D:5      | Reached XP level 1. HP: 18/18 MP: 1/1
     3 | D:5      | Noticed an ogre
    12 | D:5      | Noticed a water moccasin
    15 | D:5      | Noticed an iguana
    21 | D:5      | You fall into a shaft and drop 1 floor!
   165 | D:5      | Found an ancient bone altar of Kikubaaqudgha.
   180 | D:5      | Found a stormy altar of Qazlal.
   200 | D:6      | Noticed an ogre
   216 | D:6      | Noticed an orc priest
   234 | D:6      | Reached skill level 1 in Spellcasting
   317 | D:6      | Reached XP level 2. HP: 16/24 MP: 4/4
   464 | D:4      | Found Onewutafu's Assorted Antiques.
   471 | D:4      | Bought a scroll labelled CEHECEOSUO for 22 gold pieces
   471 | D:4      | Bought a scroll labelled CEHECEOSUO for 22 gold pieces
   510 | D:2      | Reached skill level 2 in Spellcasting
   552 | D:2      | Identified the +5 spear of Moral Flaws {holy, Fly Will-
                  | Dex+3}
   584 | D:2      | Reached XP level 3. HP: 23/29 MP: 6/6
  1274 | D:2      | Reached skill level 3 in Spellcasting
  1291 | D:2      | You fall into a shaft and drop 2 floors!
  1335 | D:4      | Reached XP level 4. HP: 21/35 MP: 8/8
  1414 | D:3      | Found a shadowy altar of Dithmenos.
  1463 | D:4      | Bought a scroll labelled DYIWON KIBE for 22 gold pieces
  1463 | D:4      | Bought 2 emerald potions for 39 gold pieces
  1666 | D:2      | Reached skill level 4 in Spellcasting
  1678 | D:2      | Reached XP level 5. HP: 31/41 MP: 11/11
  1776 | D:2      | Found Sioc's Antique Armour Shop.
  2749 | D:4      | Bought a scratched silver ring for 110 gold pieces
  2766 | D:4      | Identified the +0 leather armour of Foolhardiness {rF+ SInv
                  | Stlth-}
  2806 | D:4      | Noticed a bullfrog
  2825 | D:4      | Killed a bullfrog
  2826 | D:4      | Reached skill level 5 in Spellcasting
  2826 | D:4      | Reached XP level 6. HP: 35/47 MP: 12/14
  2892 | D:4      | Identified a scroll of acquirement
  3071 | D:4      | Reached skill level 6 in Spellcasting
  3381 | D:4      | Reached XP level 7. HP: 52/52 MP: 16/16
  3749 | D:4      | You fall into a shaft and drop 1 floor!
  4000 | D:5      | Reached skill level 7 in Spellcasting
  4129 | D:5      | Killed a water moccasin
  4201 | D:5      | Reached skill level 8 in Spellcasting
  4201 | D:5      | Reached XP level 8. HP: 58/58 MP: 20/20
  4749 | D:5      | Reached skill level 9 in Spellcasting
  5377 | D:6      | Found a staircase to the Ecumenical Temple.
  5383 | Temple   | Entered the Ecumenical Temple
  5533 | Temple   | Became a worshipper of Vehumet
  5587 | D:6      | Reached skill level 10 in Spellcasting
  5842 | D:6      | Reached XP level 9. HP: 64/64 MP: 23/23
  6237 | D:6      | Reached skill level 1 in Armour
  6237 | D:6      | Reached skill level 1 in Evocations
  6651 | D:6      | You are sucked into a shaft and drop 1 floor!
  7017 | D:7      | Found a runed translucent door.
  7018 | D:7      | Noticed Crazy Yiuf
  7038 | D:7      | Found a shimmering blue altar of Sif Muna.
  7055 | D:7      | Reached skill level 1 in Ranged Weapons
  7186 | D:7      | Got Sif Muna's Incunabulum of Translocation
  7193 | D:7      | Learned a level 1 spell: Apportation
  7292 | D:7      | Found Uvenguf's Mass Market.
  7322 | D:7      | You fall into a shaft and drop 1 floor!
  7874 | D:8      | Reached * piety under Vehumet
  7874 | D:8      | Offered knowledge of Shock by Vehumet.
  7877 | D:8      | Learned a level 1 spell: Shock
  8258 | D:7      | Reached skill level 1 in Conjurations
  8341 | D:6      | Reached XP level 10. HP: 67/73 MP: 24/24
  8570 | D:7      | Reached skill level 1 in Translocations
  8769 | D:7      | Killed Crazy Yiuf
  8906 | D:7      | Reached skill level 1 in Air Magic
  9364 | D:8      | Found a bloodstained altar of Trog.
  9365 | D:8      | Found Icuxeor's Magic Scroll Emporium.
  9383 | D:8      | Reached skill level 5 in Fighting
  9407 | D:8      | Bought a scroll of identify for 26 gold pieces
  9766 | D:10     | Entered Level 10 of the Dungeon
  9796 | D:10     | Identified the +6 ring mail of Supple Strength {rC+}
  9990 | D:10     | Offered knowledge of Kiss of Death by Vehumet.
 10022 | D:9      | Reached ** piety under Vehumet
 10150 | D:9      | Learned a level 1 spell: Kiss of Death
 10566 | D:8      | Reached skill level 1 in Necromancy
 10820 | D:8      | You fall into a shaft and drop 2 floors!
 11100 | D:10     | Found a staircase to the Orcish Mines.
 11683 | D:10     | Found a staircase to the Lair.
 11796 | D:10     | Reached XP level 11. HP: 70/81 MP: 25/25
 11850 | Lair:1   | Entered Level 1 of the Lair of Beasts
 12494 | D:10     | Identified the +0 scale mail of the Thistle {rElec rC-
                  | Dex+2}
 12496 | D:10     | Offered knowledge of Kindle Blastsparks by Vehumet.
 12663 | D:10     | Reached skill level 5 in Conjurations
 12869 | D:9      | Found a broken altar of Ashenzari.
 12970 | D:9      | Noticed a two-headed ogre
 13019 | D:9      | You fall into a shaft and drop 2 floors!
 13508 | D:11     | Noticed a cyclops
 13784 | Orc:1    | Entered Level 1 of the Orcish Mines
 13886 | Orc:2    | Entered Level 2 of the Orcish Mines
 14237 | Orc:2    | Found a staircase to the Elven Halls.
 14328 | Orc:1    | Noticed a two-headed ogre
 14864 | Orc:2    | Noticed a centaur warrior
 14946 | Orc:1    | Reached *** piety under Vehumet
 14979 | D:10     | You fall into a shaft and drop 2 floors!
 15198 | D:13     | Noticed a seven-headed hydra
 15209 | D:11     | You fall into a shaft and drop 1 floor!
 15457 | D:14     | Noticed Nessos
 15457 | D:14     | Noticed Rupert
 15457 | D:14     | Noticed a cyclops
 15457 | D:14     | Found a gate to the Vaults.
 15544 | D:12     | Noticed a wizard
 15649 | D:10     | Acquired the Omnibus of Destructive Phantasms
 15655 | D:10     | Learned a level 3 spell: Mephitic Cloud
 15662 | D:10     | Learned a level 6 spell: Iron Shot
 15799 | Orc:1    | You fall into a shaft and drop 1 floor!
 15807 | Orc:2    | Noticed an orc knight
 16039 | Orc:1    | Reached skill level 1 in Poison Magic
 16055 | Orc:1    | Killed a two-headed ogre
 16146 | Orc:1    | Offered knowledge of Dazzling Flash by Vehumet.
 16446 | Orc:1    | Noticed Harold
 16633 | D:10     | You fall into a shaft and drop 1 floor!
 16701 | D:11     | You are sucked into a shaft and drop 3 floors!
 16792 | D:14     | Found a shadowy altar of Dithmenos.
 16811 | D:14     | Noticed Urug
 16814 | D:14     | Noticed a green ugly thing
 16815 | D:14     | Noticed a deep elf pyromancer
 16816 | D:14     | Noticed a deep elf pyromancer
 16831 | D:14     | You fall into a shaft and drop 1 floor!
 16831 | D:15     | Entered Level 15 of the Dungeon
 16902 | D:15     | Noticed a two-headed ogre
 16921 | D:15     | Noticed a centaur warrior
 16929 | D:15     | Killed a two-headed ogre
 16941 | D:15     | Killed a centaur warrior
 17115 | D:15     | Noticed a manticore
 17149 | D:15     | Reached XP level 12. HP: 79/91 MP: 23/26
 17305 | D:15     | Reached skill level 1 in Shields
 17409 | D:15     | Noticed a boulder beetle
 17450 | D:14     | Noticed a fire crab
 17450 | D:14     | Noticed a centaur warrior
 17464 | D:12     | You fall into a shaft and drop 2 floors!
 17786 | D:14     | Noticed a centaur warrior
 17790 | D:14     | You fall into a shaft and drop 1 floor!
 17821 | D:14     | You fall into a shaft and drop 1 floor!
 18229 | D:9      | Reached skill level 1 in Earth Magic
 18274 | D:9      | Found an ornate altar of the Wu Jian Council.
 18372 | D:9      | Reached **** piety under Vehumet
 18800 | D:8      | Noticed Grum
 18808 | D:8      | Killed Grum
 18887 | D:8      | Offered knowledge of Hailstorm by Vehumet.
 19046 | D:8      | Found a runed translucent door.
 19047 | D:8      | Found a burning altar of Makhleb.
 19047 | D:8      | Noticed a sixfirhy
 19238 | D:8      | Noticed Pikel
 19256 | D:8      | Killed Pikel
 19257 | D:8      | Reached skill level 5 in Earth Magic
 19418 | D:4      | Bought 3 scrolls of fear for 264 gold pieces
 19418 | D:4      | Bought a long gold wand for 88 gold pieces
 19713 | D:9      | Learned a level 3 spell: Hailstorm
 20471 | D:10     | Reached skill level 1 in Ice Magic
 20508 | D:10     | You fall into a shaft and drop 3 floors!
 20508 | D:13     | HP: 3/83 [poisoned by a cane toad]
 20837 | D:12     | Noticed a two-headed ogre
 20856 | D:12     | Killed a two-headed ogre
 21621 | Lair:1   | Reached XP level 13. HP: 96/96 MP: 18/27
 21929 | Lair:1   | You fall into a shaft and drop 1 floor!
 22001 | Lair:2   | Noticed Maggie
 22918 | Lair:2   | Reached skill level 11 in Spellcasting
 22944 | Lair:2   | Reached ***** piety under Vehumet
 22948 | Lair:2   | Offered knowledge of Airstrike by Vehumet.
 23385 | Lair:2   | Reached skill level 5 in Ranged Weapons
 24696 | Orc:2    | Noticed a centaur warrior
 25207 | Lair:2   | Killed Maggie
 25350 | Lair:2   | Reached skill level 10 in Stealth
 25918 | Lair:1   | Reached XP level 14. HP: 41/104 MP: 29/29
 26145 | Lair:2   | Found a hole to the Spider Nest.
 26466 | Lair:2   | Learned a level 3 spell: Stone Arrow
 26570 | Lair:2   | Learned a level 1 spell: Slow
 27183 | Lair:3   | Reached skill level 1 in Hexes
 28243 | Lair:4   | Noticed Sonja
 28250 | Lair:4   | Killed Sonja
 28378 | Lair:4   | You fall into a shaft and drop 1 floor!
 28378 | Lair:5   | Entered Level 5 of the Lair of Beasts
 28436 | Lair:3   | Found a staircase to the Swamp.
 28497 | Lair:3   | Reached skill level 10 in Earth Magic
 28626 | Swamp:1  | Entered Level 1 of the Swamp
 28937 | Lair:4   | Offered knowledge of Lightning Bolt by Vehumet.
 29730 | Lair:5   | Reached skill level 5 in Hexes
 30838 | Lair:5   | Reached skill level 12 in Spellcasting
 30991 | Lair:5   | Found a viscous altar of Jiyva.
 30992 | Lair:5   | Found a staircase to the Slime Pits.
 31309 | Slime:1  | Entered Level 1 of the Pits of Slime
 31630 | Orc:1    | Killed Harold
 31766 | Orc:1    | Identified the +1 quarterstaff of Zaafan {pain, Str+4
                  | Int+3}
 32020 | Orc:1    | Noticed an orc warlord
 32037 | Orc:1    | Killed an orc warlord
 32175 | Orc:1    | Reached skill level 10 in Conjurations
 32303 | Orc:1    | Reached XP level 15. HP: 96/113 MP: 17/31
 33958 | Orc:2    | Found Qumutz's Distillery.
 33958 | Orc:2    | Found Qostroi's General Store.
 33960 | Orc:2    | Found Cankay's Assorted Antiques.
 33962 | Orc:2    | Found Wirch's Armour Shop.
 33971 | Orc:2    | Bought a potion of heal wounds for 50 gold pieces
 33971 | Orc:2    | Bought a potion of curing for 30 gold pieces
 33976 | Orc:2    | Bought a scroll of summoning for 161 gold pieces
 33980 | Orc:2    | Bought a potion of invisibility for 136 gold pieces
 34150 | Elf:1    | Entered Level 1 of the Elven Halls
 34720 | Lair:5   | Reached skill level 10 in Fighting
 36527 | D:11     | Reached skill level 13 in Spellcasting
 36965 | D:11     | Reached skill level 1 in Short Blades
 37426 | D:12     | Noticed Kirke
 37461 | D:12     | Killed Kirke
 37765 | D:12     | Reached ****** piety under Vehumet
 37767 | D:12     | Offered knowledge of Fireball by Vehumet.
 37778 | D:12     | Reached skill level 5 in Shields
 37859 | D:12     | Reached skill level 5 in Air Magic
 38278 | D:13     | Reached XP level 16. HP: 115/124 MP: 23/33
 38306 | D:13     | Found a transporter.
 38309 | D:13     | Found a transporter.
 38342 | D:13     | Noticed Nabski's ghost (journeyman TeFE)
 38375 | D:13     | Found a bloodstained altar of Trog.
 38748 | D:13     | Learned a level 5 spell: Fireball
 38935 | D:14     | Killed Nessos
 38936 | D:14     | Reached skill level 1 in Fire Magic
 38999 | D:14     | Reached skill level 5 in Dodging
 39237 | D:14     | Learned a level 4 spell: Passage of Golubria
 39322 | D:14     | Killed Rupert
 39670 | D:14     | Killed Urug
 40346 | D:15     | Upgraded the game from 0.30-a0-737-gf23d94013f to
                  | 0.30-a0-738-g116ff8c4af
 41169 | D:4      | Bought 3 scrolls of fog for 264 gold pieces
 41297 | D:8      | You fall into a shaft and drop 2 floors!
 41849 | Orc:2    | Bought a potion of magic for 80 gold pieces
 41849 | Orc:2    | Bought a potion of magic for 80 gold pieces
 42637 | Elf:1    | Found Quykud's Assorted Antiques.
 42644 | Elf:1    | Bought a scintillating copper ring for 165 gold pieces
 42644 | Elf:1    | Identified the ring "Ydodghaq" {MP+9 Str+3} (You bought it
                  | in a shop on level 1 of the Elven Halls)
 42955 | Elf:1    | Acquired the +2 pair of boots of Xiogil {Will+ Regen+ Int+6
                  | Dex-5}
 43052 | Elf:1    | Found Ureiqem's General Store.
 43057 | Elf:1    | Bought a book of Ice for 552 gold pieces
 43063 | Elf:1    | Learned a level 5 spell: Freezing Cloud
 43260 | Elf:1    | Learned a level 1 spell: Summon Small Mammal
 43314 | Elf:1    | Found Kuilugau's Armour Shop.
 43324 | Elf:1    | Bought a +2 buckler of protection for 365 gold pieces
 43470 | Elf:1    | Found Diurequwe's Book Shop.
 43476 | Elf:1    | Found Runtoc's Jewellery Emporium.
 43488 | Elf:1    | Reached skill level 5 in Translocations
 43488 | Elf:1    | Reached XP level 17. HP: 127/131 MP: 24/34
 43989 | Elf:2    | Found a runed translucent gate.
 44020 | Elf:2    | Found a runed translucent gate.
 44024 | Elf:2    | Found a runed translucent gate.
 44069 | Elf:2    | Found Novenept's Jewellery Shoppe.
 44188 | Elf:2    | Reached skill level 5 in Ice Magic
 44220 | Elf:2    | Reached skill level 5 in Fire Magic
 44278 | Elf:2    | Offered knowledge of Arcjolt by Vehumet.
 44765 | Elf:3    | Entered Level 3 of the Elven Halls
 45108 | Elf:3    | Reached skill level 14 in Spellcasting
 45138 | Elf:3    | Found Nicege's Weapon Shoppe.
 45140 | Elf:3    | Identified the +5 lajatang of Truncation {heavy, rF+}
 45676 | Elf:3    | Identified the +3 short sword "Qymaipeo" {heavy, rPois
                  | Int+3}
 45760 | Elf:3    | Noticed a deep elf blademaster
 45764 | Elf:3    | Noticed a deep elf master archer
 45774 | Elf:3    | Killed a deep elf blademaster
 45896 | Elf:3    | Reached XP level 18. HP: 102/140 MP: 36/36
 45914 | Elf:3    | Identified the +4 flail of the Crafting Whale {holy, rPois
                  | Int+4}
 45914 | Elf:3    | Identified the +10 plate armour of Inviolability {Dex+6}
 45914 | Elf:3    | Identified the ring "Inavouj" {Fly rC+ Dex+3}
 46551 | Elf:3    | Noticed a deep elf blademaster
 46555 | Elf:3    | Noticed a deep elf master archer
 46630 | Elf:3    | Identified the ring of Atzet {rN+ MP+9}
 46635 | Elf:3    | Killed a deep elf master archer
 46642 | Elf:3    | Identified the ring "Saoshramio" {Str+6 Int+3}
 46678 | Elf:3    | Offered knowledge of Iskenderun's Battlesphere by Vehumet.
 46725 | Elf:3    | Identified the ring "Nimeq" {rC+ Str+3 Slay+3}
 47161 | Elf:3    | Identified the +6 whip of Impermanence {elec, rElec Str+3}
 47161 | Elf:3    | Identified the +1 leather armour "Otostr Caise" {rF+ rCorr}
 47167 | Elf:3    | Killed a deep elf master archer
 47331 | Elf:3    | Killed a deep elf blademaster
 47668 | Elf:3    | Identified the +4 shortbow of Wisdom {freeze, rC+ rN+ Str+3
                  | Dex-3}
 47740 | Elf:3    | Learned a level 7 spell: Orb of Destruction
 47859 | Elf:3    | Upgraded the game from 0.30-a0-738-g116ff8c4af to
                  | 0.30-a0-743-gbfdf073431
 48324 | Elf:2    | Noticed Agnes
 48334 | Elf:2    | Killed Agnes
 48709 | Elf:2    | Reached XP level 19. HP: 148/148 MP: 33/37
 48987 | Elf:1    | Found a runed translucent door.
 49103 | Elf:1    | Found a runed translucent door.
 49109 | Elf:1    | Found a burning altar of Makhleb.
 49202 | Elf:1    | Found a runed translucent door.
 49209 | Elf:1    | Identified the +5 scimitar of the Slime-mould {heavy, rElec
                  | rF+}
 49214 | Elf:1    | Reached skill level 15 in Spellcasting
 49282 | Elf:1    | Got the Tome of the Dose
 49699 | D:10     | Learned a level 6 spell: Conjure Ball Lightning
 49918 | Swamp:1  | You are sucked into a shaft and drop 1 floor!
 49961 | Swamp:2  | Offered knowledge of Irradiate by Vehumet.
 50235 | Swamp:1  | Identified the +4 shortbow "Lesse" {heavy, +Blink Int-2
                  | Dex+4}
 50400 | Swamp:1  | Noticed Nikola
 50406 | Swamp:1  | Killed Nikola
 50646 | Swamp:1  | Noticed Josephine
 50650 | Swamp:1  | Killed Josephine
 50871 | Swamp:2  | Found a transporter.
 50879 | Swamp:2  | Noticed a tentacled monstrosity
 50936 | Swamp:2  | Noticed a tentacled monstrosity
 50937 | Swamp:2  | Found a transporter.
 51248 | Swamp:2  | Noticed a tentacled monstrosity
 51318 | Swamp:2  | Noticed a tentacled monstrosity
 51330 | Swamp:2  | You are sucked into a shaft and drop 1 floor!
 51391 | Swamp:4  | Entered Level 4 of the Swamp
 51543 | Swamp:2  | Killed a tentacled monstrosity
 51741 | Swamp:3  | Found a bloodstained altar of Trog.
 52031 | Swamp:3  | Noticed Mara
 52033 | Swamp:3  | Noticed Louise
 52044 | Swamp:3  | Killed Louise
 52138 | Swamp:3  | Killed Mara
 52139 | Swamp:3  | Reached skill level 10 in Translocations
 52321 | Swamp:3  | Found a runed translucent door.
 52620 | Swamp:4  | Offered knowledge of Maxwell's Capacitive Coupling by
                  | Vehumet.
 52655 | Swamp:4  | Reached XP level 20. HP: 155/156 MP: 37/39
 53806 | Swamp:4  | Noticed a bone dragon
 53816 | Swamp:4  | Killed a bone dragon
 54270 | Swamp:4  | Got a decaying rune of Zot
 54536 | Swamp:3  | Reached skill level 16 in Spellcasting
 55255 | Vaults:1 | Entered Level 1 of the Vaults
 55362 | D:13     | Killed Nabski's ghost
 55510 | Vaults:1 | Found Idyigodu's Distillery.
 55558 | Vaults:1 | Bought a potion of heal wounds for 75 gold pieces
 55558 | Vaults:1 | Bought a potion of curing for 45 gold pieces
 55558 | Vaults:1 | Bought a potion of curing for 45 gold pieces
 55897 | Vaults:2 | Got the Spellbook of Distorted Assembling
 56220 | Vaults:2 | Reached skill level 15 in Conjurations
 57521 | Vaults:3 | Found a magical portal.
 57530 | WizLab   | Entered Doroklohe's Tomb
 57773 | WizLab   | Noticed a dread lich
 57781 | WizLab   | Noticed an Ice Fiend
 57789 | Vaults:3 | You fall into a shaft and drop 1 floor!
 57995 | Vaults:3 | Offered knowledge of Fire Storm by Vehumet.
 57995 | Vaults:3 | Offered knowledge of Shatter by Vehumet.
 57995 | Vaults:3 | Offered knowledge of Ignition by Vehumet.
 58354 | Vaults:1 | Found a transporter.
 59257 | Vaults:1 | Reached XP level 21. HP: 165/165 MP: 41/41
 59724 | Vaults:1 | Found a transporter.
 59725 | Vaults:1 | Found a transporter.
 59765 | Vaults:1 | Identified the ring of Lies {*Slow rPois rC+ Str+2 SInv}
 59797 | Vaults:1 | Found a transporter.
 59797 | Vaults:1 | Found a transporter.
 60427 | Vaults:2 | Reached skill level 17 in Spellcasting
 61504 | Vaults:2 | Noticed Boris
 61835 | Vaults:2 | Found an ancient bone altar of Kikubaaqudgha.
 61841 | Vaults:2 | Reached skill level 10 in Fire Magic
 61932 | Vaults:2 | Found a staircase to the Crypt.
 61933 | Vaults:2 | Found a basalt altar of Yredelemnul.
 61939 | Crypt:1  | Entered Level 1 of the Crypt
 62541 | Vaults:2 | Found a runed translucent gate.
 62541 | Vaults:2 | Identified the +3 chain mail of the Buccaneer {Regen+ rCorr
                  | Int+2 Stlth+}
 62542 | Vaults:2 | Found a runed translucent gate.
 62542 | Vaults:2 | Found a runed translucent gate.
 62542 | Vaults:2 | Identified the +1 scimitar "Ruar" {elec, rC+ Int+3}
 62542 | Vaults:2 | Noticed Feshunla's ghost (adept KoEn)
 63107 | Elf:1    | Bought a manual of Dodging for 1200 gold pieces
 63887 | Vaults:3 | Killed a dread lich
 64087 | Vaults:3 | Reached XP level 22. HP: 174/174 MP: 32/43
 64412 | Vaults:3 | Identified the +0 ring mail of Proximity {rC+ Str+3}
 67362 | Vaults:4 | Reached skill level 18 in Spellcasting
 67683 | Vaults:4 | Reached skill level 10 in Dodging
 68453 | Vaults:2 | Found an iron altar of Okawaru.
 68460 | Vaults:2 | You fall into a shaft and drop 1 floor!
 68627 | Vaults:2 | Killed Feshunla's ghost
 69049 | Vaults:2 | You fall into a shaft and drop 1 floor!
 69707 | Vaults:2 | You fall into a shaft and drop 1 floor!
 69952 | Vaults:1 | You fall into a shaft and drop 1 floor!
 71227 | Crypt:1  | Reached XP level 23. HP: 180/180 MP: 12/45
 71736 | Crypt:1  | Reached skill level 5 in Armour
 72149 | Crypt:3  | Entered Level 3 of the Crypt
 73110 | Crypt:3  | Reached skill level 15 in Fighting
 75798 | Crypt:3  | Identified the ring "Zisyuh" {rPois rC- rN+ Str+3 Dex+6}
 75806 | Crypt:3  | Identified the ring "Temoud Qanu" {rPois rC+ Str+2 Slay+2}
 76857 | Crypt:3  | Found a staircase to the Tomb.
 76865 | Tomb:1   | Entered Level 1 of the Tomb of the Ancients
 77906 | Tomb:1   | Noticed a royal mummy
 77913 | Tomb:1   | Killed a royal mummy
 78251 | Crypt:3  | Reached XP level 24. HP: 176/188 MP: 21/45
 79400 | Crypt:3  | Noticed an ancient lich
 79410 | Crypt:3  | Killed an ancient lich
 79476 | Crypt:3  | Found a basalt altar of Yredelemnul.
 80439 | Crypt:3  | Identified the ring "Kixur" {rElec rN+ Str-3 Int+5}
 80894 | D:10     | Learned a level 9 spell: Fire Storm
 81272 | D:15     | Found a white marble altar of Elyvilon.
 81409 | D:15     | Found a staircase to the Depths.
 81579 | Depths:1 | Entered Level 1 of the Depths
 81789 | Depths:1 | Found a gateway to Hell.
 81833 | Depths:1 | Reached skill level 15 in Fire Magic
 83114 | Depths:2 | Found Lyklowas's Armour Shoppe.
 83476 | Depths:1 | Found Veomy's Jewellery Emporium.
 83583 | Depths:1 | Reached skill level 10 in Armour
 84031 | Depths:1 | Found a basalt altar of Yredelemnul.
 84291 | Depths:1 | Reached skill level 19 in Spellcasting
 84308 | Depths:1 | Found a portal to a secret trove of treasure.
 84753 | Depths:2 | Noticed Sojobo
 85782 | Depths:2 | Killed Sojobo
 85842 | Depths:2 | Reached XP level 25. HP: 98/194 MP: 38/46
 85929 | Depths:2 | Found a one-way gate to the infinite horrors of the Abyss.
 86677 | Depths:2 | Reached XP level 26. HP: 201/201 MP: 46/46
 86678 | Depths:2 | Reached XP level 27. HP: 207/207 MP: 46/46
 87387 | Depths:2 | Found a one-way gate leading to the halls of Pandemonium.
 87590 | Depths:3 | Identified the +7 great sword "Zuell" {venom, Drain rN+
                  | Will+ Dex+2}
 88158 | Depths:4 | Entered Level 4 of the Depths
 88561 | Depths:3 | Reached skill level 10 in Shields
 88946 | Depths:3 | Found a shimmering altar of Xom.
 89779 | Depths:4 | Found a one-way gateway to a ziggurat.
 90908 | Depths:1 | You paid a toll of 11 potions of heal wounds to enter a
                  | treasure trove
 90909 | Trove    | Entered a treasure trove
 90937 | Trove    | Got the Directory of Crystalline Creation
 90940 | Trove    | Got the Quarto of Mortification and the Bonfire
 90946 | Trove    | Got Sif Muna's Spellbook of Violence
 90990 | Trove    | Learned a level 2 spell: Sublimation of Blood
 91535 | Depths:4 | Found a gate to the Realm of Zot.
 93106 | Slime:2  | Reached skill level 5 in Necromancy
 94423 | Slime:5  | Entered Level 5 of the Pits of Slime
 94438 | Slime:5  | Reached skill level 1 in Long Blades
 94448 | Slime:5  | Noticed the Royal Jelly
 95693 | Slime:5  | Found a viscous altar of Jiyva.
 96196 | Slime:5  | Killed the Royal Jelly
 96347 | Slime:5  | Identified the +6 bardiche "Qosumm" {flame, *Rage rElec rF-
                  | rCorr}
 96350 | Slime:5  | Identified the +7 battleaxe of Boapsimol {drain, Fragile
                  | +Blink rCorr}
 96354 | Slime:5  | Got the Compendium of the Singularity
 96377 | Slime:5  | Identified the amulet "Faducvar" {RegenMP Str+3}
 96380 | Slime:5  | Got a slimy rune of Zot
 96383 | Slime:5  | Identified the +0 plate armour "Fiott" {Dex+3}
 96384 | Slime:5  | Identified the +8 halberd "Asepsiv" {speed, *Noise rCorr
                  | Int+3}
 96475 | Slime:5  | Identified the +0 quarterstaff "Ycatt" {flame, Will+ rCorr}
 96819 | D:10     | Learned a level 4 spell: Olgreb's Toxic Radiance
 96823 | D:10     | Learned a level 3 spell: Ignite Poison
 96898 | Spider:1 | Entered Level 1 of the Spider Nest
 97063 | Spider:1 | Noticed Frances
 97066 | Spider:1 | Killed Frances
 97223 | Spider:1 | Got the Omnibus of the Dragon and Vapour
 97638 | Spider:1 | Identified the +4 hand axe "Irig" {venom, rF+ rC- Str+4
                  | Dex+3}
 97686 | Spider:1 | Found a runed translucent gate.
 97686 | Spider:1 | Found a runed translucent gate.
 97686 | Spider:1 | Found a runed translucent gate.
 97686 | Spider:1 | Noticed SirDiesAlot's ghost (adept DsFE)
 98103 | Spider:2 | Reached skill level 20 in Spellcasting
 98268 | Spider:2 | Identified Roxanne's Verses on Transition
 98268 | Spider:2 | Noticed Roxanne
 98424 | Spider:2 | Killed Roxanne
 99372 | Spider:1 | Killed SirDiesAlot's ghost
100184 | Spider:4 | Entered Level 4 of the Spider Nest
100275 | Spider:3 | Upgraded the game from 0.30-a0-743-gbfdf073431 to
                  | 0.30-a0-757-ga6a79fd877
100325 | Spider:3 | Found a large runed translucent door.
100325 | Spider:3 | Found a large runed translucent door.
100984 | Spider:3 | Noticed Haunul's ghost (adept GrCj)
101694 | Spider:4 | Identified the +2 cloak "Jinoguh" {*Slow rN+ SInv}
102294 | Spider:4 | Reached skill level 5 in Long Blades
102350 | Spider:4 | Identified the ring of Jaralla {Ice rN+ rCorr Str+3 Int+5
                  | Dex-5}
102396 | Spider:4 | Identified the +0 hat of a ziggurat {rElec Str+2 Int+5
                  | Dex+3}
102401 | Spider:4 | Got a gossamer rune of Zot
102413 | Spider:4 | Identified the +2 hat of the Saviour {rC- Dex+8}
102648 | Spider:3 | Killed Haunul's ghost
103044 | Vaults:5 | Entered Level 5 of the Vaults
103108 | Vaults:5 | Reached skill level 10 in Ice Magic
104581 | Vaults:5 | Identified the +3 pair of boots "Cazxub" {Harm Rampage
                  | *Slow Will+}
105300 | Vaults:5 | Got a silver rune of Zot
105670 | D:10     | Acquired the ring "Zorhich" {+Blink rC++ rN+ rCorr}
105672 | D:10     | Acquired a +2 cloak of willpower
105888 | Zot:1    | Entered Level 1 of the Realm of Zot
106075 | Zot:1    | Noticed a Killer Klown
106076 | Zot:1    | Noticed a Killer Klown
106081 | Zot:1    | Noticed Vv
106091 | Zot:1    | Killed a Killer Klown
107417 | Zot:1    | Killed a Killer Klown
107898 | Zot:3    | Reached skill level 15 in Armour
109563 | Zot:5    | Entered Level 5 of the Realm of Zot
110645 | Depths:1 | Bought the ring of Ytuqon {rElec rF+ Dex+5 SInv} for 805
                  | gold pieces
111378 | D:10     | Learned a level 9 spell: Polar Vortex
111667 | Zot:1    | HP: 2/212 [Vv (21)]
111668 | Zot:1    | You fall into a shaft and drop 1 floor!
112648 | Zot:5    | Noticed a Killer Klown
112656 | Zot:5    | Killed a Killer Klown
112662 | Zot:5    | Noticed an orb of fire
112692 | Zot:5    | Gained mutation: Your magical capacity is low. (-10% MP)
                  | [an orb of fire]
112694 | Zot:5    | Killed an orb of fire
112804 | Zot:5    | Noticed a dread lich
112909 | Zot:5    | Noticed an ancient lich
112913 | Zot:5    | Killed an ancient lich
112929 | Zot:5    | Noticed an orb of fire
112933 | Zot:5    | Killed an orb of fire
112936 | Zot:5    | Noticed a dread lich
112985 | Zot:5    | Noticed an ancient lich
112988 | Zot:5    | Killed an ancient lich
113064 | Zot:5    | Reached skill level 15 in Ice Magic
113146 | Zot:5    | Noticed an orb of fire
113151 | Zot:5    | Killed an orb of fire
113187 | Zot:5    | Killed a dread lich
113379 | Zot:5    | Killed a dread lich
113394 | Zot:5    | Noticed an orb of fire
113398 | Zot:5    | Killed an orb of fire
113530 | Zot:5    | Noticed an orb of fire
113543 | Zot:5    | Noticed a Killer Klown
113545 | Zot:5    | Gained mutation: Your spells are a little easier to cast,
                  | but a little less powerful. [an orb of fire]
113545 | Zot:5    | Killed an orb of fire
113557 | Zot:5    | Killed a Killer Klown
114088 | Zot:1    | You fall into a shaft and drop 1 floor!
114202 | Zot:1    | Killed Vv
114674 | Swamp:2  | Identified the +5 war axe of Ranej {distort, Dex+7}
114992 | Vaults:1 | You fall into a shaft and drop 1 floor!
115030 | Vaults:1 | You fall into a shaft and drop 1 floor!
115058 | Vaults:1 | You fall into a shaft and drop 1 floor!
115288 | Vaults:1 | Identified the +1 pair of boots of Hilurese {rElec Regen+
                  | Slay-2}
115664 | Vaults:1 | Bought a potion of mutation for 120 gold pieces
115664 | Vaults:1 | Bought a potion of mutation for 120 gold pieces
115774 | D:10     | Lost mutation: Your magical capacity is low. (-10% MP)
                  | [potion of mutation]
115774 | D:10     | Lost mutation: Your spells are a little easier to cast, but
                  | a little less powerful. [potion of mutation]
115774 | D:10     | Gained mutation: You are somewhat resistant to further
                  | mutation. [potion of mutation]
115775 | D:10     | Lost mutation: You are somewhat resistant to further
                  | mutation. [potion of mutation]
115775 | D:10     | Gained mutation: You are clumsy. (Dex -2) [potion of
                  | mutation]
115775 | D:10     | Gained mutation: You are partially covered in iridescent
                  | scales. (AC +2) [potion of mutation]
115775 | D:10     | Gained mutation: You are weak. (Str -2) [potion of
                  | mutation]
115775 | D:10     | Gained mutation: Your system is resistant to poisons.
                  | (rPois) [potion of mutation]
115776 | D:10     | Lost mutation: You are clumsy. (Dex -2) [potion of
                  | mutation]
115776 | D:10     | Lost mutation: Your system is resistant to poisons. (rPois)
                  | [potion of mutation]
115776 | D:10     | Gained mutation: Your movements are slightly less
                  | encumbered by armour. (ER -2) [potion of mutation]
115776 | D:10     | Gained mutation: You expend magic power (3 MP) to
                  | strengthen your wands. [potion of mutation]
115776 | D:10     | Gained mutation: You have hidden genetic potential. [potion
                  | of mutation]
115797 | D:10     | Lost mutation: You are partially covered in iridescent
                  | scales. (AC +2) [potion of mutation]
115797 | D:10     | Lost mutation: You expend magic power (3 MP) to strengthen
                  | your wands. [potion of mutation]
115797 | D:10     | Gained mutation: Your body sometimes deteriorates upon
                  | taking damage. [potion of mutation]
115797 | D:10     | Gained mutation: You have sharp fingernails. [potion of
                  | mutation]
115798 | D:10     | Lost mutation: Your body sometimes deteriorates upon taking
                  | damage. [potion of mutation]
115798 | D:10     | Lost mutation: You are weak. (Str -2) [potion of mutation]
115798 | D:10     | Gained mutation: You expend magic power (3 MP) to
                  | strengthen your wands. [potion of mutation]
115798 | D:10     | Gained mutation: Armour fits poorly on your strangely
                  | shaped body. [potion of mutation]
115798 | D:10     | Gained mutation: Potions are less effective at restoring
                  | your health. [potion of mutation]
115798 | D:10     | Gained mutation: You are partially covered in iridescent
                  | scales. (AC +2) [potion of mutation]
115799 | D:10     | Lost mutation: You have sharp fingernails. [potion of
                  | mutation]
115799 | D:10     | Lost mutation: Armour fits poorly on your strangely shaped
                  | body. [potion of mutation]
115799 | D:10     | Gained mutation: You are mostly covered in iridescent
                  | scales. (AC +4) [potion of mutation]
115800 | D:10     | Lost mutation: You expend magic power (3 MP) to strengthen
                  | your wands. [potion of mutation]
115800 | D:10     | Lost mutation: Your movements are slightly less encumbered
                  | by armour. (ER -2) [potion of mutation]
115800 | D:10     | Lost mutation: Potions are less effective at restoring your
                  | health. [potion of mutation]
115800 | D:10     | Gained mutation: Your mind is acute. (Int +4, Str/Dex -1)
                  | [potion of mutation]
115800 | D:10     | Gained mutation: Your natural rate of healing is unusually
                  | fast. [potion of mutation]
115936 | Hell     | Entered the Vestibule of Hell
115936 | Hell     | Noticed Geryon
115937 | Hell     | Gained mutation: Your spells are a little easier to cast,
                  | but a little less powerful. [a cacodemon]
115943 | Hell     | Reached skill level 21 in Spellcasting
116009 | Hell     | Killed Geryon
116022 | Hell     | Noticed Murray
116216 | Depths:1 | Killed Murray
116988 | Hell     | Found a gateway to the freezing wastes of Cocytus.
117056 | Hell     | Found a gateway to the Iron City of Dis.
117132 | Hell     | Found a gateway to the ashen valley of Gehenna.
117186 | Hell     | Found a gateway to the decaying netherworld of Tartarus.
117498 | Geh:1    | Entered Level 1 of Gehenna
117668 | Depths:1 | Bought the amulet "Sosiskism" {Acrobat rN++} for 712 gold
                  | pieces
118080 | Pan      | Entered Pandemonium
118396 | Pan      | Noticed Tacoamu the pandemonium lord
118414 | Pan      | Killed Tacoamu the pandemonium lord
118704 | Pan      | Noticed Ecuasoab the pandemonium lord
118707 | Pan      | Killed Ecuasoab the pandemonium lord
119594 | Pan      | Entered the realm of Mnoleg.
119620 | Pan      | Gained mutation: You are weak. (Str -2) [a cacodemon]
119644 | Pan      | Gained mutation: You are strong-willed. (Will+) [hidden
                  | potential]
119729 | Pan      | Found an exit through the horrors of the Abyss.
120363 | Pan      | Noticed Mnoleg
120389 | Pan      | Killed Mnoleg
120582 | Pan      | Reached skill level 10 in Necromancy
120659 | Pan      | Got a glowing rune of Zot
120801 | Pan      | Reached skill level 5 in Evocations
120936 | Pan      | Noticed Giyseses the pandemonium lord
120939 | Pan      | Killed Giyseses the pandemonium lord
121234 | Pan      | Gained mutation: You are frail. (-10% HP) [a cacodemon]
122047 | Pan      | Entered the realm of Gloorx Vloq.
122129 | Pan      | Noticed Ignacio
122146 | Pan      | HP: 3/193 [Ignacio/+6 executioner's axe of pain (10)]
122146 | Pan      | Slain by Ignacio

Illustrated notes

Levels and vault maps discovered:
D:1:      nzn_arrival_crosshair, layout_loops_cross, minmay_pentomino_q4
D:2:      layout_rooms, serial_shops, nicolae_lakefront_shop
D:3:      layout_loops_ring, lemuel_tele_altar
D:4:      layout_loops_ring, serial_shops, nicolae_shop_hallway_stairs,
          grunt_ministairs_9
D:5:      layout_rooms, nicolae_kikubaaqudgha_miasma_corner,
          amcnicky_altar_gilded, skrybe_limestone_x, kennysheep_generic_room_13
D:6:      layout_loops_corners, minmay_temple_entry_hall
D:7:      layout_rooms, led_sif_book, grunt_ministairs_6, minmay_shop_mass,
          minmay_crystal_room, kennysheep_generic_room_12,
          uniq_crazy_yiuf_cottage
D:8:      nicolae_cairo_tiling_large, layout_layer_cave, trog_ov_bears_minmay,
          nzn_makhleb_speed_demon, serial_shops, shop, kennysheep_kite_vault,
          uniq_pikel, uniq_grum
D:9:      layout_stronghold, pdpol_wu_jian_five_deadly_venoms,
          evilmike_ruin_ashenzari
D:10:     layout_stronghold, grunt_lair_entry_orc_guard_hut, hiddenorc1_lemuel
D:11:     layout_irregular_city
D:12:     minmay_tri_stars, layout_basic, special_room [special_room_orc],
          uniq_kirke
D:13:     layout_roguey, gammafunk_ghost_wrathful_warriors,
          statue_in_the_mist_lemuel, nicolae_sextant
D:14:     layout_gridville, david_vaults_3, grunt_dithmenos_smoke_and_mirrors
D:15:     grunt_enter_depths_snipers, layout_small_grid,
          portal_ice_cave_entry_frozen_things, nicolae_elyvilon_temple_path,
          columned_hall_lemuel
Temple:   minmay_temple_curvy_branch
Lair:1:   beast_lair_carwin_large_3, layout_regular_city, grunt_megastairs_3,
          serial_bayou_shore_a
Lair:2:   layout_misc_corridors, spider_nest_entry_a,
          nicolae_lair_run_with_the_wolves, infiniplex_staircase_pool_2,
          serial_bayou_shore_b, uniq_maggie
Lair:3:   layout_hall_layers, skrybe_swamp_entry_bodies, serial_bayou_shore_b,
          grunt_megastairs_1
Lair:4:   layout_regular_city, serial_bayou_pond_e, patterned_corridor,
          grunt_megastairs_5, infiniplex_staircase_pool, uniq_urug, uniq_sonja
Lair:5:   minmay_lair_end_frog_pond, layout_cave_pods, slime_entry_1
Swamp:1:  layout_basic_swamp, evilmike_swamp_ruin_house_1, uniq_nikola,
          uniq_josephine
Swamp:2:  gammafunk_sealed_arena, layout_basic_swamp,
          evilmike_swamp_ruin_rubble_1
Swamp:3:  gammafunk_mikee_crab_dinner, layout_falls_marsh, serial_swamp_ruin,
          evilmike_swamp_ruin_rubble_2, hangedman_swamp_ruin_wall,
          evilmike_swamp_ruin_house_6, swamp_pool1, lemuel_altar_in_water,
          nicolae_swamp_stuck_in_the_mud, uniq_louise, uniq_mara
Swamp:4:  swamp_pestilence, layout_basic_swamp, swamp_pool5,
          hangedman_swamp_cone
Spider:1: layout_spider_delve, ebering_ghost_rock_garden, uniq_frances
Spider:2: layout_cave_pods, uniq_roxanne
Spider:3: layout_chambers, ebering_ghost_disaster_area
Spider:4: grunt_spider_rune_parallel
Slime:1:  nicolae_slime_jelly_donut, layout_caves
Slime:2:  layout_caves
Slime:3:  layout_caves
Slime:4:  layout_caves, nicolae_slime_rock_hall_of_fame
Slime:5
Orc:1:    layout_diamond_mine, nooodl_orcs_dogs, uniq_harold
Orc:2:    st_orc_rangers, layout_caves
Elf:1:    minmay_the_grid_triangle_9x9_rhombus_full_mashed
          [minmay_the_grid_triangle_9x9_zippers_vertical,
          minmay_the_grid_triangle_9x9_negative_grid,
          minmay_the_grid_triangle_9x9_alien,
          minmay_the_grid_triangle_9x9_swiss_cheese,
          minmay_the_grid_triangle_9x9_fully_insulated_deathbox,
          minmay_the_grid_triangle_9x9_shrine,
          minmay_the_grid_triangle_9x9_skeleton,
          minmay_the_grid_triangle_9x9_prize_schism], layout_loops_corners,
          serial_shops, nicolae_shop_hallway_plus,
          nicolae_shop_advertising_works [nicolae_subvault_shop_adworks], shop,
          nicolae_shop_stone, shop, minivault_16
Elf:2:    nicolae_elf_blades_splatter_lattice
          [nicolae_vaults_blade_armed_guards], layout_geoelf_octagon,
          serial_shops, shop, grunt_ministairs_9, uniq_agnes
Elf:3:    minmay_elf_hall_four_x, layout_loops_ring, serial_shops, shop,
          grunt_ministairs_5
Vaults:1: ontoclasm_vaults_ring_large, gammafunk_the_bubble
          [the_bubble_gammafunk_roulette], v_alt_pattern_6,
          nicolae_vaults_angled_halls, hangedman_vaults_locks,
          ontoclasm_vaults_twist, nicolae_vaults_little_squares_5, v_misc_27,
          vaults_dpeg_encased_lava, nicolae_vaults_ring_of_whatevers,
          layout_vaults_omnigrid, serial_shops, shop
Vaults:2: gammafunk_ghost_fury_of_okawaru, minmay_crypt_entry_necro_gods,
          nicolae_vaults_arrows, v_misc_28, nicolae_vaults_fighting_squares,
          v_misc_4, nicolae_vaults_network_quincunx
          [nicolae_vaults_network_quincunx_subvault,
          nicolae_vaults_network_quincunx_subvault,
          nicolae_vaults_network_quincunx_subvault,
          nicolae_vaults_network_quincunx_subvault,
          nicolae_vaults_network_quincunx_subvault], v_misc_25,
          nicolae_vaults_hallways_thing, nicolae_vaults_little_ls,
          ontoclasm_vaults_decontamination, nicolae_vaults_border_crossing,
          vaults_standard_mumra_x, grunt_vaults_focal, layout_vaults_omnibox,
          uniq_boris
Vaults:3: mu_enter_wizlab_3, hangedman_vaults_slice,
          nicolae_vaults_halls_meeting, nicolae_vaults_shelves_hall,
          nicolae_vaults_sealed_display, vaults_room_fours,
          nicolae_vaults_network_quinsquares
          [nicolae_vaults_network_quincunx_subvault,
          nicolae_vaults_network_quincunx_subvault,
          nicolae_vaults_network_quincunx_subvault,
          nicolae_vaults_network_quincunx_subvault], v_misc_31,
          ontoclasm_vaults_ligature, hangedman_vaults_capsules,
          vaults_room_stairs_pillars, layout_vaults_big_room
Vaults:4: vaults_room_ringed_pool, ontoclasm_vaults_loading_screen, v_pattern_3,
          v_misc_10, hangedman_vaults_snaps, v_alt_pattern_6, v_misc_10,
          v_misc_16, v_misc_11, layout_vaults_omnicross
Vaults:5: serial_shops
Crypt:1:  layout_chaotic_city
Crypt:2:  layout_chaotic_city, st_stairs_5, grunt_ministairs_6
Crypt:3:  church_of_pain_bobbens, layout_chaotic_city, tomb_entry_shell_bobbens,
          nicolae_crypt_small_crypt, small_statue_intersection
Tomb:1
Depths:1: layout_roguey, hell_entry, serial_shops, shop, enter_trove_5,
          hangedman_abyss_or_decor_stabs, lemuel_zombie_altar_yredelemnul
Depths:2: four-leaf_vault, layout_cave_pools, abandoned_shop, hell_entry,
          pan_entry, abyss_entry_crystal, serial_shops, nicolae_square_shop,
          uniq_sojobo, uniq_grunn
Depths:3: nicolae_whirlpool, layout_honeycomb, abyss_entry_small_statue_room,
          hell_entry, xom_teletrap_fun, infiniplex_staircase_star
Depths:4: evilmike_zot_entry_argh, layout_small_grid, enter_ziggurat_a,
          serial_sigils_hangedman_scar, lightli_too_deep, pan_entry
Hell
Geh:1:    layout_gehenna_lava_caves
Zot:1:    grunt_zot_stairs_faceoff, layout_onion_interference, uniq_vv
Zot:2:    layout_cellular_growth
Zot:3:    layout_misc_corridors
Zot:4:    kennysheep_blocky_room, layout_onion
Zot:5:    layout_gridlike, grunt_ministairs_8, lemuel_lake_of_fire
Pan:      evilmike_mini_pan_doors, layout_gridlike, pan_blood_fountain_2,
          nicolae_pan_gloorx_vloqian_4, evilmike_mini_pan_V, layout_long_grid,
          evilmike_mnoleg_eyes, layout_grid_shapes, evilmike_mini_pan_T,
          layout_rooms, nicolae_pan_sigil_itan,
          gloorx_vloq_grunt_torture_chamber, layout_basic, uniq_ignacio

Skill      XL: |  1  2  3  4  5  6  7  8  9 10 11 12 13 14 15 16 17 18 19 20 21 22 23 24 25 26 27 |
---------------+----------------------------------------------------------------------------------+-----
Spellcasting   | 1 2 3 4 5 6 8 10 11 12 13 14 15 16 17 18 19 21 | 21.6
Armour         | 2 4 8 10 11 16 | 16.7
Dodging        | 3 4 5 6 11 12 13 | 13.8
Evocations     | 2 3 5 |  5.8
Fighting       | 4 5 7 9 10 11 12 13 14 15 18 | 18.9
Ranged Weapons | 2 3 4 5 |  5.0
Stealth        | 7 8 9 10 11 12 | 12.0
Conjurations   | 1 4 6 7 9 10 11 12 13 14 15 16 17 19 | 19.9
Translocations | 2 3 5 7 8 10 11 12 | 12.8
Air Magic      | 2 4 5 6 7 8 |  8.1
Necromancy     | 2 4 10 | 10.7
Poison Magic   | 3 4 |  4.2
Shields        | 4 5 7 9 14 | 14.0
Earth Magic    | 6 9 10 | 10.0
Ice Magic      | 2 4 5 7 8 17 | 17.8
Hexes          | 6 |  6.0
Short Blades   | 2 |  2.0
Fire Magic     | 4 5 6 8 10 12 14 15 16 17 20 | 20.0
Long Blades    | 7 |  7.8
Maces & Flails | |  2.0

Action                     |  1- 3 |  4- 6 |  7- 9 | 10-12 | 13-15 | 16-18 | 19-21 | 22-24 | 25-27 || total
---------------------------+-------+-------+-------+-------+-------+-------+-------+-------+-------++-------
  Melee: Mace              |     7 |       |       |       |       |       |       |       |       ||     7
         Short sword       |    87 |   174 |   334 |   617 |   244 |    26 |       |       |       ||  1482
         Punch             |     2 |       |     5 |    13 |       |       |       |       |       ||    20
         Spear             |       |     7 |    21 |    97 |       |       |       |       |       ||   125
         Quarterstaff      |       |       |       |    40 |    20 |       |       |       |       ||    60
         Long sword        |       |       |       |    42 |    12 |       |       |       |       ||    54
         Flail             |       |       |       |    29 |    90 |    56 |    24 |     2 |    78 ||   279
         Scimitar          |       |       |       |       |       |       |    17 |    62 |    40 ||   119
         Rapier            |       |       |       |       |       |       |       |     3 |       ||     3
   Fire: Shortbow          |       |       |    62 |   369 |   404 |   170 |    34 |     2 |       ||  1041
  Throw: Stone             |     5 |       |    15 |       |       |       |       |       |       ||    20
         Dart              |       |     1 |    43 |    12 |    11 |     2 |       |       |       ||    69
         Javelin           |       |       |     5 |       |       |       |       |       |       ||     5
         Throwing net      |       |       |       |       |     1 |       |       |       |       ||     1
   Cast: Mephitic Cloud    |       |       |       |   100 |   214 |    75 |     4 |     5 |     3 ||   401
         Shock             |       |       |       |     3 |     3 |       |       |       |       ||     6
         Hailstorm         |       |       |       |     1 |    65 |    14 |       |     4 |       ||    84
         Kiss of Death     |       |       |       |     1 |     1 |       |       |       |       ||     2
         Iron Shot         |       |       |       |       |    21 |    32 |    80 |    51 |    22 ||   206
         Stone Arrow       |       |       |       |       |   436 |   279 |    53 |    30 |    14 ||   812
         Slow              |       |       |       |       |     2 |       |       |       |       ||     2
         Fireball          |       |       |       |       |       |    34 |   117 |   121 |    21 ||   293
         Freezing Cloud    |       |       |       |       |       |   153 |   123 |    64 |    29 ||   369
         Passage of Golubr |       |       |       |       |       |    18 |     5 |    18 |    52 ||    93
         Apportation       |       |       |       |       |       |     2 |       |     1 |     2 ||     5
         Summon Small Mamm |       |       |       |       |       |     1 |     1 |       |       ||     2
         Orb of Destructio |       |       |       |       |       |    22 |   266 |   402 |   404 ||  1094
         Conjure Ball Ligh |       |       |       |       |       |       |    79 |   170 |    34 ||   283
         Fire Storm        |       |       |       |       |       |       |       |       |   712 ||   712
         Sublimation of Bl |       |       |       |       |       |       |       |       |   608 ||   608
         Polar Vortex      |       |       |       |       |       |       |       |       |    43 ||    43
         Ignite Poison     |       |       |       |       |       |       |       |       |    23 ||    23
         Olgreb's Toxic Ra |       |       |       |       |       |       |       |       |    15 ||    15
Ability: Shaft Self        |     2 |       |     3 |    11 |     2 |     1 |     3 |     4 |     5 ||    31
         Dig               |       |     1 |     1 |     1 |     3 |     3 |     2 |     2 |    12 ||    25
  Evoke: Wand              |       |       |     4 |     4 |    13 |     8 |     2 |     1 |     4 ||    36
         Box of beasts     |       |       |       |       |       |       |       |       |     1 ||     1
    Use: Scroll            |       |     7 |     5 |    14 |     8 |     6 |     2 |       |    13 ||    55
         Potion            |       |     3 |       |     2 |     8 |       |     2 |     1 |    26 ||    42
   Stab: Sleeping          |     7 |     4 |     3 |     1 |       |     2 |       |     1 |       ||    18
         Distracted        |       |       |     1 |       |       |       |       |       |       ||     1
         Confused          |       |       |       |    32 |    38 |    10 |       |     2 |       ||    82
         Paralysed         |       |       |       |       |     1 |       |       |       |       ||     1
 Armour: Ring mail         |    36 |    67 |    29 |   497 |   310 |   117 |   103 |   204 |   131 ||  1494
         Leather armour    |       |       |   108 |    41 |       |       |       |       |   115 ||   264
         Skin              |       |       |       |       |    22 |       |       |       |       ||    22
  Dodge: Dodged            |    68 |   106 |   240 |   738 |   505 |   192 |   118 |   174 |   359 ||  2500
         Repelled          |       |       |       |       |     5 |    15 |     7 |     8 |    33 ||    68
  Block: Buckler           |       |       |       |    67 |   225 |    88 |    97 |   134 |   264 ||   875

Table legend: (Time is in decaauts)
 A = Elapsed time spent in this place.
 B = Non-inter-level travel time spent in this place.
 C = Inter-level travel time spent in this place.
 D = Time resting spent in this place.
 E = Time spent auto-exploring this place.
 F = Levels seen in this place.
 G = Mean time per level.
                   A        B        C        D        E       F      G
               +--------+--------+--------+--------+--------+-----+--------+
         Total | 123213 | 110178 |  13035 |  42349 |  24352 |  66 | 1866.9 |
       Dungeon |  30173 |  25728 |   4445 |   8926 |   6785 |  15 | 2011.5 |
        Temple |    248 |    226 |     22 |     68 |    144 |   1 |  248.0 |
          Lair |  12452 |  11371 |   1081 |   5169 |   2235 |   5 | 2490.4 |
         Swamp |   5367 |   4940 |    427 |   1678 |    852 |   4 | 1341.8 |
   Spider Nest |   5857 |   5577 |    280 |   1148 |   2879 |   4 | 1464.2 |
    Slime Pits |   4085 |   3746 |    339 |   1056 |   1264 |   5 |  817.0 |
  Orcish Mines |   5681 |   5209 |    472 |   2535 |    580 |   2 | 2840.5 |
   Elven Halls |   7288 |   6331 |    957 |   1678 |    986 |   3 | 2429.3 |
        Vaults |  18028 |  15767 |   2261 |   7453 |   3152 |   5 | 3605.6 |
         Crypt |   8628 |   8349 |    279 |   4360 |    919 |   3 | 2876.0 |
          Tomb |   1267 |   1267 |      0 |    505 |      0 |   1 | 1267.0 |
        Depths |  11216 |   9790 |   1426 |   5055 |   1191 |   4 | 2804.0 |
          Hell |    997 |    936 |     61 |    120 |    521 |   1 |  997.0 |
       Gehenna |     56 |     56 |      0 |     21 |      0 |   1 |   56.0 |
           Zot |   7449 |   6468 |    981 |   1698 |   1466 |   5 | 1489.8 |
   Pandemonium |   4073 |   4073 |      0 |    705 |   1376 |   5 |  814.6 |
         Trove |     83 |     83 |      0 |      0 |      0 |   1 |   83.0 |
        Wizlab |    255 |    255 |      0 |    172 |      0 |   1 |  255.0 |
               +--------+--------+--------+--------+--------+-----+--------+

Top non-repeatable levels by time:
Vaults:2: 5747 daAuts
    D:10: 5680 daAuts
Vaults:1: 4063 daAuts
Vaults:3: 4047 daAuts
Depths:1: 3799 daAuts
   Orc:1: 3752 daAuts
  Lair:1: 3669 daAuts
 Crypt:3: 3357 daAuts
 Crypt:2: 3350 daAuts
Depths:3: 3172 daAuts
    D:15: 3052 daAuts
  Lair:5: 2795 daAuts
   Elf:3: 2789 daAuts
   Elf:1: 2603 daAuts
Depths:2: 2578 daAuts
